 Dungeon Crawl Stone Soup version 0.16-a0-956-g65bd446 (webtiles) character file.

156 MRaven the Cudgeler (level 5, -3/46 HPs)
             Began as a Minotaur Death Knight on Oct 1, 2014.
             Was a Believer of Yredelemnul.
             Slain by an orc
             ... wielding a +0 short sword
              (4 damage)
             ... on Level 3 of the Dungeon.
             The game lasted 00:12:57 (2611 turns).

MRaven the Cudgeler (Minotaur Death Knight)         Turns: 2611, Time: 00:12:58

HP  -3/46        AC  4     Str 17      XL: 5   Next: 15%
MP   5/5         EV 11     Int  8      God: Yredelemnul [**....]
Gold 109         SH  0     Dex 11      Spells:  0 memorised,  4 levels left

rFire  . . .     SeeInvis .     l - +1 falchion (drain)
rCold  . . .     Clarity  .     b - +0 leather armour
rNeg   . . .     rCorr    +     (no shield)
rPois  .         rRot     .     (helmet restricted)
rElec  .         Spirit   .     (no cloak)
SustAb .         Warding  .     (no gloves)
rMut   .         Stasis   .     f - +0 pair of boots
Gourm  .                        d - amulet of resist corrosion
MR     .....                    (no ring)
                                (no ring)

@: injury mirror, not resistant to hostile enchantments, very unstealthy
A: retaliatory headbutt, horns 2
a: Animate Remains, Recall Undead Slaves, Injury Mirror, Renounce Religion


You were on level 3 of the Dungeon.
You worshipped Yredelemnul.
Yredelemnul was pleased with you.
You were not hungry.

You visited 1 branch of the dungeon, and saw 3 of its levels.

You collected 109 gold pieces.

Inventory:

Hand weapons
 a - a +1 mace
 l - a +1 falchion of draining (weapon)
Armour
 b - a +0 leather armour (worn)
 f - a +0 pair of boots (worn)
Magical devices
 r - a wand of confusion (3)
Comestibles
 c - 3 bread rations
 m - a slice of pizza
 n - 2 meat rations
Scrolls
 e - 2 scrolls of teleportation
 g - a scroll of remove curse
 k - a scroll of identify
 p - a scroll of noise {unknown}
Jewellery
 d - an amulet of resist corrosion (around neck)
 i - an uncursed ring of teleport control
Potions
 h - a potion of haste {unknown}
 j - a potion of heal wounds {unknown}
 o - a potion of curing


   Skills:
 * Level 3.9 Fighting
 + Level 3.9 Maces & Flails
 + Level 2.3 Armour
 + Level 2.3 Dodging
 + Level 3.4 Invocations


You had 4 spell levels left.
You didn't know any spells.

Dungeon Overview and Level Annotations

Branches:
Dungeon (3/15)

Altars:
Cheibriados
The Shining One


Innate Abilities, Weirdness & Mutations

You reflexively headbutt those who attack you in melee.
You have a pair of horns on your head.


Message History

Yredelemnul mirrors your injury!
The gnoll is almost dead.
The orc hits you with a short sword.
* * * LOW HITPOINT WARNING * * *
Yredelemnul mirrors your injury!
The orc is severely wounded.
The gnoll hits you but does no damage.
You hit the gnoll but do no damage. You drain the gnoll!
You kill the gnoll!
Yredelemnul accepts your kill. The orc wizard casts a spell at you.
The puff of flame hits you!
* * * LOW HITPOINT WARNING * * *
Yredelemnul mirrors your injury!
You kill the orc wizard!
Yredelemnul accepts your kill.
You have reached level 5!
The orc hits you with a short sword.
You die...
Your body rises from the dead as a mindless zombie.

# #####[###
#######........
#......o)...#
#.#####@###.# #.#
###.# . ##.###...#
#.. #.####.#.##.###
#.#
#....)###...(.....#
.
#.####.#.##.#####.#
#.# ##.##...####.##
#.#
#.#.....##...####.#
#.................#


You could see an orc.

Vanquished Creatures
  An orc wizard (D:3)
  3 gnolls
  3 adders
  2 giant mites
  A worm (D:3)
  An ooze (D:3)
  3 bats (D:1)
  3 giant cockroaches
  5 hobgoblins (D:1)
  3 jackals (D:2)
  2 quokkas (D:2)
  A ball python (D:1)
  2 giant newts (D:1)
  11 goblins
  8 kobolds
  8 rats
57 creatures vanquished.

Vanquished Creatures (collateral kills)
  2 hobgoblins (D:1)
2 creatures vanquished.

Vanquished Creatures (others)
  A bat zombie (D:1)
  2 giant mite zombies
  A goblin zombie (D:2)
  A hobgoblin zombie (D:1)
  A jackal zombie (D:2)
  2 kobold zombies (D:2)
  3 rat zombies
  A bush (D:1)
12 creatures vanquished.

Grand Total: 71 creatures vanquished

Notes
Turn   | Place    | Note
--------------------------------------------------------------
     0 | D:1      | MRaven, the Minotaur Death Knight, began the quest for the Orb.
     0 | D:1      | Reached XP level 1. HP: 18/18 MP: 1/1
   301 | D:1      | Reached XP level 2. HP: 25/25 MP: 1/1
   549 | D:1      | Reached skill level 3 in Invocations
   716 | D:1      | Acquired Yredelemnul's second power
  1160 | D:2      | Reached XP level 3. HP: 30/30 MP: 4/4
  1562 | D:2      | Reached XP level 4. HP: 28/38 MP: 4/4
  1771 | D:2      | Found a glowing golden altar of the Shining One.
  2456 | D:3      | Found a snail-covered altar of Cheibriados.
  2611 | D:3      | HP: 1/40 [orc wizard/puff of flame (10)]
  2611 | D:3      | Reached XP level 5. HP: 1/46 MP: 5/5
  2611 | D:3      | Slain by an orc

Action                   |  1- 3 |  4- 6 || total
-------------------------+-------+-------++-------
Melee: Mace              |    81 |    31 ||   112
       Falchion          |       |     8 ||     8
Invok: Animate Remains   |     9 |     3 ||    12
       Recall Undead Sla |       |     2 ||     2
       Injury Mirror     |       |     1 ||     1
Evoke: Wand              |       |     1 ||     1
  Use: Scroll            |       |     7 ||     7
  Eat: Chunk             |     2 |     2 ||     4
       Royal jelly       |       |     1 ||     1
